 Dungeon Crawl Stone Soup version 0.29.0-4-gdea44cf6ec (webtiles) character file.

Game seed: 15669920531433925602

2482 qw the Blocker (level 9, -1/53 HPs)
             Began as a Gargoyle Berserker on Sept 4, 2022.
             Was a Priest of Trog.
             Slain by a vampire (9 damage)
             ... on level 6 of the Dungeon.
             The game lasted 00:02:46 (8170 turns).

qw the Blocker (Gargoyle Berserker)                 Turns: 8170, Time: 00:02:46

Health: -1/53      AC: 20    Str: 25    XL:     9   Next: 51%
Magic:  9/9        EV:  4    Int:  8    God:    Trog [***...]
Gold:   344        SH:  0    Dex:  9    Spells: 8/8 levels left

rFire   . . .      SeeInvis .   Y - +1 war axe
rCold   . . .      Faith    .   b - +0 tower shield
rNeg    + . .      Spirit   .   m - +1 plate armour
rPois   inf        Reflect  .   (no helmet)
rElec   +          Harm     .   (no cloak)
rCorr   .          Rampage  .   (no gloves)
Will    .....                   k - +1 pair of boots
Stlth   ..........              (no amulet)
HPRegen 0.17/turn               (no ring)
MPRegen 0.11/turn               (no ring)

@: confused
A: sickness immunity, AC +6, negative energy resistance 1, electricity
resistance, torment resistance 1, petrification resistance
a: Renounce Religion, Berserk, Trog's Hand


You were on level 6 of the Dungeon.
You worshipped Trog.
Trog was most pleased with you.
You visited 1 branch of the dungeon, and saw 6 of its levels.

You collected 344 gold pieces.


Innate Abilities, Weirdness & Mutations

You are immune to sickness and miasma.
Your stone body is resilient. (AC +6)
You are immune to poison.
You resist negative energy. (rN+)
You are resistant to electric shocks. (rElec)
You are resistant to unholy torment.
You are immune to petrification.


   Skills:
 + Level 4.9 Fighting
 - Level 7.0 Axes
 - Level 2.2 Throwing
 - Level 3.1 Armour
 - Level 1.5 Dodging
 - Level 10.0 Shields


You had 8 spell levels left.
You didn't know any spells.
Your spell library was empty.

Inventory:

Hand Weapons
 j - a +0 morningstar
 Y - a +1 war axe (weapon)
Missiles
 c - 5 silver javelins (quivered)
Armour
 b - a +0 tower shield (worn)
 f - a +0 cloak
 k - a +1 pair of boots (worn)
 m - a +1 plate armour (worn)
Scrolls
 a - 3 scrolls of identify
 e - a scroll of acquirement {unknown}
 i - a scroll of fog {unknown}
 l - 5 scrolls of teleportation
Potions
 d - 2 potions of haste
 g - a potion of might {unknown}
 h - 2 potions of heal wounds
 n - a potion of mutation

Dungeon Overview and Level Annotations

Branches:
Dungeon (6/15)             Temple (0/1) D:5

Altars:
Ashenzari
Dithmenos
Elyvilon
Fedhas
Gozag
Makhleb
Okawaru
Sif Muna
Vehumet
Wu Jian
Xom

Annotations:
D:6 3 runed translucent doors, qw's ghost, novice TrCA


Message History

You're too confused to attack without stumbling around!
There is a strange disturbance nearby!
Something hits you. Something bites you but does no damage.
You're too confused to attack without stumbling around!
There is a strange disturbance nearby!
You hear some strange, mumbled words.
Something tries to affect you, but you resist.
You're too confused to attack without stumbling around!
There is a strange disturbance nearby!
Something hits you but does no damage. Something bites you but does no damage.
You're too confused to attack without stumbling around!
There is a strange disturbance nearby!
Something hits you but does no damage. Something bites you but does no damage.
You're too confused to attack without stumbling around!
There is a strange disturbance nearby!
You hear some strange, mumbled words.
Something tries to affect you, but you resist.
You're too confused to attack without stumbling around!
There is a strange disturbance nearby!
You feel less confused.
You hear some strange, mumbled words.
You are confused.
You're too confused to attack without stumbling around!
There is a strange disturbance nearby!
Something hits you but does no damage. Something bites you!
You're too confused to attack without stumbling around!
There is a strange disturbance nearby!
Something hits you. Something bites you.
You're too confused to attack without stumbling around!
There is a strange disturbance nearby!
You hear some strange, mumbled words.
You are more confused.
You're too confused to attack without stumbling around!
There is a strange disturbance nearby!
You hear some strange, mumbled words.
Something tries to affect you, but you resist.
You're too confused to attack without stumbling around!
There is a strange disturbance nearby!
Something hits you. Something bites you!
You die... #####........# ####.........#.#.# .............#.#.# ...........8##...# ###+++########)..# o..oooooWo.#

.... .o#####.oo.#
..### ##o....###.#
##.#.#
8#..8..#8#o#
#.@{.# ..........
# ##.#.# .. #.# #
############.. #.#
#.............##.#
#.............##.#
..............##.#
######........##.#
.....#........##.#


There were no monsters in sight!

Vanquished Creatures
  Prince Ribbit (D:6)
  Eustachio (D:5)
  A steam dragon (D:6)
  Duvessa (D:5)
  An orc warrior (D:6)
  A sky beast (D:6)
  3 ogres
  A phantom (D:6)
  A centaur (D:6)
  Blork the orc (D:5)
  5 necrophages
  A scorpion (D:6)
  Dowan (D:5)
  2 howler monkeys (D:5)
  A centaur zombie (D:5)
  2 hounds
  A jelly (D:4)
  An orc priest (D:4)
  5 iguanas
  Ijyb (D:5)
  7 orc wizards
  10 gnolls (D:5)
  10 adders
  2 worms
  5 dart slugs
  19 orcs
  10 ball pythons
  5 bats
  10 endoplasms
  6 giant cockroaches
  6 goblins
  11 hobgoblins
  2 jackals (D:2)
  11 kobolds
  2 quokkas
  4 frilled lizards
  4 rats
  3 bushes (D:5)
159 creatures vanquished.

Vanquished Creatures (others)
  A bush (D:5)
  13 plants (D:5)
14 creatures vanquished.

Grand Total: 173 creatures vanquished

Notes
Turn   | Place    | Note
-------+----------+-------------------------------------------
     0 | D:1      | qw the Gargoyle Berserker began the quest for the Orb.
     0 | D:1      | Reached XP level 1. HP: 14/14 MP: 1/1
     0 | D:1      | 0 ||| qw: Version: 0.1-a-103-gd6f5d3a
     0 | D:1      | 0 ||| qw: Game counter: 5395
     0 | D:1      | 0 ||| qw: Always use a shield: true
     0 | D:1      | 0 ||| qw: Do Orc after D:15 true
     0 | D:1      | 0 ||| qw: Do second Lair branch before Depths: true
     0 | D:1      | 0 ||| qw: Lair rune preference: random
     0 | D:1      | 0 ||| qw: Plans: Normal
     0 | D:1      | 0 ||| PLANNING D:1-11
    24 | D:1      | 24 ||| Stepping ~*~*~tactically~*~*~ (stealth).
    26 | D:1      | 26 ||| Stepping ~*~*~tactically~*~*~ (stealth).
    35 | D:1      | Reached skill level 3 in Axes
   260 | D:1      | Reached XP level 2. HP: 19/19 MP: 2/2
   286 | D:1      | 286 ||| Stepping ~*~*~tactically~*~*~ (stealth).
   288 | D:1      | 288 ||| Stepping ~*~*~tactically~*~*~ (stealth).
   291 | D:1      | 291 ||| Stepping ~*~*~tactically~*~*~ (stealth).
   293 | D:1      | 293 ||| Stepping ~*~*~tactically~*~*~ (stealth).
   294 | D:1      | 294 ||| Stepping ~*~*~tactically~*~*~ (stealth).
   383 | D:1      | 383 ||| DROPPING +0 club.
   566 | D:1      | Found a faded altar of an unknown god.
   843 | D:1      | 843 ||| Stepping ~*~*~tactically~*~*~ (stealth).
   903 | D:1      | Reached XP level 3. HP: 19/23 MP: 3/3
  1058 | D:1      | 1058 ||| READING scroll labelled VIPTO PUVEOHO.
  1059 | D:1      | 1059 ||| READING scroll labelled JAORAA IMEAKYXT.
  1060 | D:1      | 1060 ||| DRINKING 3 metallic puce potions.
  1089 | D:2      | 1089 ||| FLEEEEING.
  1090 | D:2      | 1090 ||| STAIRDANCE
  1357 | D:2      | Reached ** piety under Trog
  1507 | D:2      | Reached XP level 4. HP: 28/28 MP: 4/4
  1560 | D:2      | 1560 ||| DROPPING +0 whip.
  1645 | D:2      | 1645 ||| Stepping ~*~*~tactically~*~*~ (stealth).
  1648 | D:2      | 1648 ||| Stepping ~*~*~tactically~*~*~ (stealth).
  1652 | D:2      | 1652 ||| Stepping ~*~*~tactically~*~*~ (stealth).
  2116 | D:2      | 2116 ||| Stepping ~*~*~tactically~*~*~ (stealth).
  2119 | D:2      | 2119 ||| Stepping ~*~*~tactically~*~*~ (stealth).
  2133 | D:2      | 2133 ||| Stepping ~*~*~tactically~*~*~ (stealth).
  2192 | D:2      | 2192 ||| Stepping ~*~*~tactically~*~*~ (stealth).
  2195 | D:2      | 2195 ||| Stepping ~*~*~tactically~*~*~ (stealth).
  2659 | D:2      | 2659 ||| UPGRADING to +0 chain mail.
  2669 | D:2      | 2669 ||| DROPPING +0 animal skin.
  2670 | D:2      | 2670 ||| UPGRADING to +0 plate armour.
  2680 | D:2      | 2680 ||| DROPPING +0 chain mail.
  2681 | D:2      | 2681 ||| DROPPING amulet of magic regeneration.
  2682 | D:2      | 2682 ||| READING 3 scrolls labelled ISCHEPN TAFFACY.
  2683 | D:2      | 2683 ||| READING scroll labelled COWUFIASTRUMP.
  2684 | D:2      | 2684 ||| READING 3 scrolls labelled TOUSAU EXOMA.
  2688 | D:2      | 2688 ||| DRINKING 2 bubbling silvery potions.
  2689 | D:2      | 2689 ||| DRINKING 2 bubbling puce potions.
  2690 | D:2      | 2690 ||| READING 2 scrolls of identify.
  2690 | D:2      | 2690 ||| IDENTIFYING purple potion
  2691 | D:2      | 2691 ||| DROPPING potion of degeneration.
  2750 | D:3      | Found a white marble altar of Elyvilon.
  2916 | D:3      | 2916 ||| READING scroll of enchant armour.
  2916 | D:3      | 2916 ||| ENCHANTING +0 plate armour.
  2929 | D:3      | 2929 ||| Stepping ~*~*~tactically~*~*~ (stealth).
  2930 | D:3      | 2930 ||| Stepping ~*~*~tactically~*~*~ (stealth).
  2933 | D:3      | 2933 ||| Stepping ~*~*~tactically~*~*~ (stealth).
  2954 | D:3      | Reached XP level 5. HP: 27/32 MP: 5/5
  3085 | D:3      | 3085 ||| SWAPPING to +2 vorpal hand axe.
  3086 | D:3      | 3086 ||| DROPPING +0 hand axe.
  3158 | D:3      | Found a shadowy altar of Dithmenos.
  3159 | D:3      | 3159 ||| Stepping ~*~*~tactically~*~*~ (hiding).
  3160 | D:3      | 3160 ||| Stepping ~*~*~tactically~*~*~ (hiding).
  3166 | D:3      | 3166 ||| Stepping ~*~*~tactically~*~*~ (stealth).
  3167 | D:3      | 3167 ||| INVOKING Berserk.
  3170 | D:3      | Reached skill level 3 in Armour
  3302 | D:3      | 3302 ||| DROPPING +0 flail.
  3345 | D:3      | Found an iron altar of Okawaru.
  3435 | D:3      | Found an ornate altar of the Wu Jian Council.
  3607 | D:3      | 3607 ||| Stepping ~*~*~tactically~*~*~ (stealth).
  3654 | D:3      | 3654 ||| Stepping ~*~*~tactically~*~*~ (stealth).
  3687 | D:3      | Reached XP level 6. HP: 33/39 MP: 6/6
  3868 | D:3      | 3868 ||| SWAPPING to +0 war axe.
  3871 | D:3      | 3871 ||| DROPPING +2 vorpal hand axe.
  3886 | D:3      | Found a shimmering altar of Xom.
  3889 | D:3      | Found an opulent altar of Gozag.
  3889 | D:3      | Found a shimmering blue altar of Sif Muna.
  3891 | D:3      | Found a radiant altar of Vehumet.
  3891 | D:3      | Found an ornate altar of the Wu Jian Council.
  3891 | D:3      | Found a shadowy altar of Dithmenos.
  3938 | D:3      | 3938 ||| UPGRADING to +0 pair of boots.
  3943 | D:3      | 3943 ||| READING scroll labelled HIUJAOCH PUUPUE.
  3944 | D:3      | 3944 ||| DRINKING 2 metallic amethyst potions.
  3997 | D:3      | 3997 ||| DRINKING 4 fizzy pink potions.
  3998 | D:3      | 3998 ||| READING 2 scrolls of identify.
  3998 | D:3      | 3998 ||| IDENTIFYING ruby potion
  3999 | D:3      | 3999 ||| DROPPING potion of lignification.
  4000 | D:3      | 4000 ||| DROPPING potion of invisibility.
  4001 | D:3      | 4001 ||| DROPPING 3 potions of brilliance.
  4035 | D:4      | 4035 ||| INVOKING Berserk.
  4158 | D:4      | 4158 ||| Stepping ~*~*~tactically~*~*~ (stealth).
  4163 | D:4      | 4163 ||| Stepping ~*~*~tactically~*~*~ (hiding).
  4167 | D:4      | 4167 ||| INVOKING Berserk.
  4176 | D:4      | 4176 ||| DRINKING potion of curing.
  4176 | D:4      | 4176 ||| (to cure confusion)
  4276 | D:4      | 4276 ||| INVOKING Berserk.
  4313 | D:4      | 4313 ||| FLEEEEING.
  4686 | D:4      | Reached skill level 6 in Axes
  4704 | D:4      | 4704 ||| Stepping ~*~*~tactically~*~*~ (hiding).
  4705 | D:4      | 4705 ||| Stepping ~*~*~tactically~*~*~ (hiding).
  4707 | D:4      | 4707 ||| Stepping ~*~*~tactically~*~*~ (hiding).
  4708 | D:4      | 4708 ||| Stepping ~*~*~tactically~*~*~ (hiding).
  4712 | D:4      | 4712 ||| INVOKING Berserk.
  4720 | D:4      | Reached XP level 7. HP: 44/44 MP: 7/7
  4962 | D:4      | Reached *** piety under Trog
  4970 | D:4      | Found a burning altar of Makhleb.
  5217 | D:4      | 5217 ||| UPGRADING to +0 tower shield.
  5222 | D:4      | 5222 ||| READING 2 scrolls of identify.
  5222 | D:4      | 5222 ||| IDENTIFYING grey potion
  5238 | D:5      | Entered Level 5 of the Dungeon
  5239 | D:5      | 5239 ||| PLANNING OSSUARY
  5259 | D:5      | Found a shimmering blue altar of Sif Muna.
  5260 | D:5      | 5260 ||| INVOKING Berserk.
  5263 | D:5      | Reached skill level 2 in Shields
  5322 | D:5      | 5322 ||| READING scroll of enchant armour.
  5322 | D:5      | 5322 ||| ENCHANTING +0 pair of boots.
  5359 | D:5      | 5359 ||| Stepping ~*~*~tactically~*~*~ (stealth).
  5361 | D:5      | 5361 ||| Stepping ~*~*~tactically~*~*~ (hiding).
  5363 | D:5      | 5363 ||| Stepping ~*~*~tactically~*~*~ (hiding).
  5514 | D:5      | Found a broken altar of Ashenzari.
  5522 | D:5      | Reached skill level 3 in Shields
  5548 | D:5      | Found a staircase to the Ecumenical Temple.
  5556 | D:5      | 5556 ||| Stepping ~*~*~tactically~*~*~ (stealth).
  5561 | D:5      | 5561 ||| Stepping ~*~*~tactically~*~*~ (hiding).
  5577 | D:5      | 5577 ||| INVOKING Berserk.
  5587 | D:5      | 5587 ||| Stepping ~*~*~tactically~*~*~ (stealth).
  5762 | D:5      | Noticed Blork the orc
  5762 | D:5      | Noticed Ijyb
  5763 | D:5      | 5763 ||| Stepping ~*~*~tactically~*~*~ (hiding).
  5767 | D:5      | 5767 ||| INVOKING Berserk.
  5774 | D:5      | Killed Blork the orc
  5775 | D:5      | Reached skill level 4 in Shields
  5776 | D:5      | Killed Ijyb
  5924 | D:5      | Noticed Dowan
  5925 | D:5      | 5925 ||| Stepping ~*~*~tactically~*~*~ (hiding).
  5931 | D:5      | 5931 ||| INVOKING Berserk.
  5939 | D:5      | Noticed Duvessa
  5939 | D:5      | Noticed Eustachio
  5943 | D:5      | 5943 ||| Stepping ~*~*~tactically~*~*~ (hiding).
  5945 | D:5      | 5945 ||| RIP OSSUARY
  5946 | D:5      | 5946 ||| PLANNING D:1-11
  5949 | D:5      | Killed Duvessa
  5950 | D:5      | Reached skill level 5 in Shields
  5950 | D:5      | Reached XP level 8. HP: 22/48 MP: 8/8
  5956 | D:5      | HP: 6/48 [Dowan/shard of ice (14)]
  5957 | D:5      | 5957 ||| READING 5 scrolls of teleportation.
  5958 | D:5      | 5958 ||| DRINKING 2 potions of heal wounds.
  5959 | D:5      | Killed Dowan
  5960 | D:5      | Reached skill level 1 in Throwing
  6174 | D:5      | 6174 ||| Stepping ~*~*~tactically~*~*~ (stealth).
  6180 | D:5      | 6180 ||| Stepping ~*~*~tactically~*~*~ (stealth).
  6184 | D:5      | 6184 ||| INVOKING Berserk.
  6198 | D:5      | Killed Eustachio
  6199 | D:5      | Reached skill level 6 in Shields
  6544 | D:5      | 6544 ||| INVOKING Berserk.
  6549 | D:5      | Reached skill level 7 in Shields
  6671 | D:5      | Found a blossoming altar of Fedhas.
  6849 | D:5      | 6849 ||| DRINKING 2 orange potions.
  6869 | D:5      | 6869 ||| INVOKING Berserk.
  6872 | D:5      | Reached skill level 8 in Shields
  6880 | D:5      | HP: 11/48 [water moccasin zombie (2)]
  6881 | D:5      | 6881 ||| READING 6 scrolls of teleportation.
  6882 | D:5      | 6882 ||| DRINKING 3 potions of heal wounds.
  7012 | D:5      | 7012 ||| DRINKING 2 viscous grey potions.
  7013 | D:5      | 7013 ||| READING 3 scrolls of identify.
  7013 | D:5      | 7013 ||| IDENTIFYING dark potion
  7014 | D:5      | 7014 ||| DROPPING potion of magic.
  7015 | D:5      | 7015 ||| DROPPING potion of flight.
  7016 | D:5      | 7016 ||| DROPPING potion of attraction.
  7115 | D:6      | Reached XP level 9. HP: 52/52 MP: 9/9
  7116 | D:6      | 7116 ||| Stepping ~*~*~tactically~*~*~ (hiding).
  7119 | D:6      | 7119 ||| INVOKING Berserk.
  7124 | D:6      | Reached skill level 9 in Shields
  7286 | D:6      | 7286 ||| Stepping ~*~*~tactically~*~*~ (hiding).
  7365 | D:6      | Noticed Prince Ribbit
  7366 | D:6      | 7366 ||| Stepping ~*~*~tactically~*~*~ (stealth).
  7367 | D:6      | 7367 ||| Stepping ~*~*~tactically~*~*~ (stealth).
  7372 | D:6      | 7372 ||| INVOKING Berserk.
  7416 | D:6      | 7416 ||| INVOKING Berserk.
  7421 | D:6      | Killed Prince Ribbit
  7422 | D:6      | Reached skill level 10 in Shields
  7531 | D:6      | Found a runed translucent gate.
  7532 | D:6      | Found a runed translucent gate.
  7532 | D:6      | Found a runed translucent gate.
  7533 | D:6      | Noticed qw's ghost (novice TrCA)
  8005 | D:6      | 8005 ||| INVOKING Berserk.
  8167 | D:6      | HP: 11/53 [something (4)]
  8170 | D:6      | Slain by a vampire

Levels and vault maps discovered:
D:1:      onia_arrival_mini_spirals, layout_basic,
          shapermc_ecumenical_altar_pompeii, minivault_26
D:2:      layout_basic, minmay_pentomino_x4
D:3:      minmay_skewed_foursquare, layout_basic, okawaru_metal_pillars_3,
          nicolae_dithmenos_shadow_blocks, lemuel_crystal_altar,
          lemuel_doored_altar, doesnt_xom_only_xom, hex_tiny, minivault_24,
          minmay_quantized
D:4:      layout_rooms, mainiacjoe_overflow_boulevard
D:5:      layout_basic, cheibrodos_ashenzari_chains,
          mainiacjoe_overflow_cross_hatched, fedhas_altar_decomposition,
          minmay_temple_entry_glassed_door, enter_ossuary_1, uniq_blork_the_orc,
          uniq_eustachio, uniq_ijyb, uniq_duvessa
D:6:      layout_basic, biasface_ghost_orc_armoury, uniq_prince_ribbit1

Skill      XL: |  1  2  3  4  5  6  7  8  9 |
---------------+----------------------------+-----
Axes           | 3 4 5 6 7 |  7.0
Armour         | 3 |  3.1
Fighting       | 4 |  4.9
Shields        | 5 8 10 | 10.0
Throwing       | 1 2 |  2.2
Dodging        | |  1.5

Action                   |  1- 3 |  4- 6 |  7- 9 || total
-------------------------+-------+-------+-------++-------
Melee: Hand axe          |   107 |   160 |       ||   267
       War axe           |       |    46 |   222 ||   268
Throw: Boomerang         |       |    15 |     3 ||    18
       Javelin           |       |       |    35 ||    35
Invok: Berserk           |       |     5 |    11 ||    16
  Use: Scroll            |     2 |     7 |     5 ||    14
       Potion            |     1 |     5 |     4 ||    10
 Stab: Sleeping          |       |     1 |       ||     1
Armor: Animal skin       |    35 |    25 |       ||    60
       Plate armour      |       |    81 |   181 ||   262
Dodge: Dodged            |    63 |    62 |    36 ||   161
Block: Tower shield      |       |       |   157 ||   157

Table legend:
 A = Non-vault XP
 B = Vault XP
 C = Vault XP percentage of total XP
 D = Non-vault monster count
 E = Vault monster count
 F = Vault count percentage of total count
                 A         B        C        D         E       F
            +---------+---------+-------+---------+---------+-------
      Total |    2254 |    1292 |  36.4 |     132 |      24 |  15.4
            +---------+---------+-------+---------+---------+-------
        D:1 |      43 |       0 |   0.0 |      23 |       0 |   0.0
        D:2 |     103 |       4 |   3.7 |      27 |       3 |  10.0
        D:3 |      72 |     110 |  60.4 |      16 |      10 |  38.5
        D:4 |     380 |       0 |   0.0 |      28 |       0 |   0.0
        D:5 |     637 |     927 |  59.3 |      22 |      10 |  31.2
        D:6 |    1019 |     251 |  19.8 |      16 |       1 |   5.9
            +---------+---------+-------+---------+---------+-------
